FIQ, neutral male scurrid Tourist ------- -.+++?| |.++++| |.++++| |.++@+| -----r- FIQ the Rambler Experience level: 1 Strength: 12 Dexterity: 11 Constitution: 14 Intelligence: 14 Wisdom: 9 Charisma: 15 Health: 0(9) Energy: 2(2) Def: 0 Gold: 0 Moves: 23 Dungeon seed: 6YiAk0-3zGA6Y7sy Game ID: FIQ_1498601569 Your Inventory: Weapons a - 45 uncursed +2 darts (in quiver) Armor e - a blessed +0 Hawaiian shirt (being worn) Comestibles b - 5 uncursed food rations c - an uncursed tin of spinach d - 2 uncursed cloves of garlic f - 2 uncursed fortune cookies g - an uncursed cram ration Scrolls j - 4 uncursed scrolls of magic mapping Potions h - an uncursed potion of extra healing i - a blessed potion of extra healing Wands m - an uncursed wand of secret door detection (0:13) Tools k - an uncursed expensive camera (0:44) l - an uncursed credit card n - an uncursed oil lamp (0:1397) Spells and supernatural/magical abilities: Name Level Category Fail Memory W - pray for help -- divine ? -- Your skills at the end: Miscellaneous Skills wands [Basic] Weapon Skills dart [Basic] Spellcasting Skills Final Attributes: You were devoutly aligned. You had infravision. You were very stealthy. You are dead. Voluntary challenges: You went without food. You did not adorn yourself with jewelry or accessories. You did not cause conflict. You were not invisible. You did not have reflection. You were not displaced. You were an atheist. You never hit with a wielded weapon. You were a pacifist. You did not use tools. You did not use plumbed fixtures. You did not drink any magical draughts. You were illiterate. You never genocided any monsters. You never polymorphed an object. You never changed form. You used no wishes. You never split a pudding. You never wrote Elbereth's name. You never violated your personal moral code. Dungeon overview: The Dungeons of Doom: levels 1 to 10 Level 1 a long staircase Level 2 Level 3 Level 4 Level 5 Level 6 an altar to Blind Io a long staircase Level 7 Level 8 Level 9 Level 10 <- You were here a bookstore History has recorded: On T:1 you entered the Dungeons of Doom to retrieve the Amulet of Yendor! On T:4 you reached level 2 of The Dungeons of Doom. On T:6 you reached level 3 of The Dungeons of Doom. On T:8 you reached level 4 of The Dungeons of Doom. On T:10 you reached level 5 of The Dungeons of Doom. On T:13 you reached level 6 of The Dungeons of Doom. On T:15 you reached level 7 of The Dungeons of Doom. On T:17 you reached level 8 of The Dungeons of Doom. On T:19 you reached level 9 of The Dungeons of Doom. On T:22 you reached level 10 of The Dungeons of Doom. Score breakdown: Gold: 0 ( 0 points) Experience: 1 level ( 0 points) Exploration: 10 levels ( 270 points) Discoveries: 1 item ( 50 points) Variety of kills: 0 monsters ( 0 points) Major goal: (nothing yet) ( 0 points) Survival: died (score multiplied by 3) Total score: 960 Latest messages: You start digging downward. You continue digging downward. You dig a pit in the floor. You continue digging downward. You dig a hole through the floor. You fall through... You start digging downward. You continue digging downward. You dig a pit in the floor. You continue digging downward. You dig a hole through the floor. You fall through... "Aloha, FIQ! Welcome to Clonegal's rare books!" You see here a leather-bound spellbook (400 zorkmids). That command is only available in debug mode. You start chewing a hole in the rock. You continue digging. You make an opening in the wall. Clonegal leaps towards you! <"Cad! You did 120 zorkmids worth of damage!" Pay? [yn]: n> "Oh, yes! You'll pay!" That command is only available in debug mode. Clonegal zaps a brass wand! The magic missile hits you! The powerful magic missile explodes! Clonegal is caught in the magical blast! Clonegal takes all your possessions. Final status: Aloha FIQ the Tourist, killed by a magical blast... You died in The Dungeons of Doom on dungeon level 10 with 960 points, and 0 pieces of gold, after 23 moves. You were level 1 with a maximum of 9 hit points when you died.